 Dungeon Crawl Stone Soup version 0.28.0-43-g3370ac3207 (webtiles) character file.

Game seed: 3589752327506106470

4305 ZappyNine the Grappler (level 10, -2/102 HPs)
             Began as a Troll Cinder Acolyte on Mar 13, 2022.
             Was a High Priest of Ignis.
             Slain by a troll (12 damage)
             ... on level 9 of the Dungeon.
             The game lasted 00:09:48 (6520 turns).

ZappyNine the Grappler (Troll Cinder Acolyte)       Turns: 6520, Time: 00:09:49

Health: -2/102     AC:  7    Str: 26    XL:     10   Next: 11%
Magic:  10/10      EV: 11    Int: 10    God:    Ignis [*****.]
Gold:   403        SH:  0    Dex:  7    Spells: 11/11 levels left

rFire   + . .      SeeInvis .     - Unarmed
rCold   . . .      Faith    .   (no shield)
rNeg    + . .      Spirit   .   a - +0 robe
rPois   +          Reflect  .   (helmet restricted)
rElec   .          Harm     .   q - +2 cloak {rCorr}
rCorr   +          Rampage  .   (gloves unavailable)
Will    +....                   (boots unavailable)
Stlth   +.........              (no amulet)
HPRegen 1.07/turn               g - ring of positive energy
MPRegen 0.12/turn               (no ring)

@: no status effects
A: large, unfitting armour, claws 3, regeneration 1, shaggy fur 1, tough skin 1,
strong-willed 1, poison resistance
a: Renounce Religion, Fiery Armour, Foxfire Swarm, Rising Flame


You were on level 9 of the Dungeon.
You worshipped Ignis.
Ignis was extremely pleased with you.
You visited 1 branch of the dungeon, and saw 9 of its levels.
You also visited: Sewer.

You collected 463 gold pieces.
You spent 60 gold pieces at shops.

Inventory:

Armour
 a - a +0 robe (worn)
 q - a +2 cloak of preservation (worn)
Jewellery
 g - a ring of positive energy (left claw)
 h - an amulet of magic regeneration
 u - a ring of see invisible
 v - a ring of resist corrosion
Wands
 f - a wand of paralysis (3)
 j - a wand of acid (13)
Scrolls
 b - 2 scrolls of teleportation
 e - a scroll of acquirement {unknown}
 t - 4 scrolls of fog
 w - a scroll of identify
Potions
 c - 3 potions of might
 d - 2 potions of attraction
 i - 2 potions of lignification
 k - 3 potions of cancellation
 l - a potion of magic
 m - a potion of mutation
 n - 3 potions of brilliance
 o - a potion of heal wounds {unknown}
 p - 2 potions of haste
 r - 3 potions of curing
 s - a potion of flight


   Skills:
 + Level 7.6 Fighting
 + Level 7.0 Dodging
 + Level 9.1 Unarmed Combat
 - Level 1.0 Spellcasting
 - Level 2.1 Fire Magic


You had 11 spell levels left.
You didn't know any spells.
Your spell library contained the following spells:

 Spells                   Type           Power      Damage    Failure   Level
 Scorch                   Fire           8%         2d5       22%         2
 Magic Dart               Conj           0%         1d3       34%         1
 Call Imp                 Summ           0%         N/A       45%         2
 Sublimation of Blood     Necr           0%         N/A       45%         2
 Wereblood                Tmut           0%         N/A       45%         2
 Frozen Ramparts          Ice            0%         1d2       71%         3
 Mephitic Cloud           Conj/Pois/Air  0%         N/A       71%         3
 Fulminant Prism          Conj/Hex       0%         3d6       98%         4
 Ice Form                 Ice/Tmut       0%         N/A       98%         4
 Iskenderun's Mystic Bla  Conj/Tloc      0%         2d3       98%         4
 Petrify                  Tmut/Erth      0%         N/A       98%         4
 Summon Ice Beast         Ice/Summ       0%         N/A       98%         4
 Irradiate                Conj/Tmut      0%         3d13      100%        5
 Lee's Rapid Deconstruct  Erth           0%         3d5*      100%        5
 Summon Hydra             Summ           0%         N/A       100%        7


Dungeon Overview and Level Annotations

Branches:
Dungeon (9/15)             Temple (0/1) D:5           Sewer (visited)
   Lair: D:8-11         Orc: D:9-12

Altars:
Nemelex Xobeh
Ru
Uskayaw
Yredelemnul
The Shining One

Shops:
D:8 ?

Portals:
Abyss: D:8

Annotations:
D:5 1 runed translucent door, Crazy Yiuf
D:8 2 transporters, experimilk's ghost, novice DEAM


Innate Abilities, Weirdness & Mutations

You are too large for most types of armour.
You have claws for hands.
Your natural rate of healing is unusually fast.
You are covered in fur. (AC +1)
You have tough skin. (AC +1)
You are strong-willed. (Will+)
Your system is resistant to poisons. (rPois)


Message History

Something hits you but does no damage.
You scratch the troll.
The troll is heavily wounded.
The troll barely misses you. The troll claws you! x2
You claw the troll!
The troll is severely wounded.
Something hits you but does no damage. The troll bites you!
The troll claws you! The troll claws you but does no damage.
You claw the troll!
The troll is almost dead.
A hound comes into view.
Something hits you.
The troll closely misses you. x2; The troll claws you.
* * * LOW HITPOINT WARNING * * *
You closely miss the troll.
The troll is almost dead.
The hound barks!
You hear a bark!
You hear a shout!
Something hits you but does no damage.
Unknown command.
You barely miss the troll. Your claw misses the troll.
The troll is almost dead.
The troll closely misses you. The troll barely misses you. The troll claws you.
* * * LOW HITPOINT WARNING * * *
Something hits you but does no damage.
A hound comes into view.
Unknown command.
Unknown command.
You scratch the troll.
The troll is almost dead.
The troll bites you.
* * * LOW HITPOINT WARNING * * *
The troll claws you!
* * * LOW HITPOINT WARNING * * *
The troll claws you.
* * * LOW HITPOINT WARNING * * *
Something hits you but does no damage.
Unknown command.
You scratch the troll but do no damage.
The troll is severely wounded.
The troll bites you but does no damage. The troll claws you!
You die...

###############
...............
........)......
#..<.......
#.@{.......
#.T...#####
#.h...# #.....#
......#
..h....#
........#
........#


You could see a troll and 2 hounds.

Vanquished Creatures
  2 two-headed ogres (D:8)
  A troll (D:8)
  Eustachio (D:6)
  Menkaure (D:5)
  Duvessa (D:6)
  A water moccasin (D:6)
  2 ice beasts
  A sky beast (D:6)
  A necrophage (D:8)
  An ogre (D:5)
  A phantom (D:5)
  2 centaurs
  A kobold brigand (Sewer)
  A wyvern zombie (D:8)
  2 bullfrogs
  2 scorpions
  Dowan (D:6)
  A water moccasin skeleton (D:4)
  A centaur zombie (D:8)
  A bullfrog zombie (D:5)
  8 hounds
  2 jellies
  7 orc priests
  2 bullfrog skeletons (D:5)
  2 centaur skeletons
  An iguana (D:5)
  Natasha (twice) (D:2)
  Terence (D:2)
  10 orc wizards
  A killer bee zombie (D:6)
  A hound skeleton (D:4)
  A howler monkey zombie (D:8)
  2 gnolls
  A howler monkey skeleton (D:6)
  6 adders
  A river rat (D:3)
  A shadow imp (D:6)
  A white imp (D:7)
  An adder zombie (D:2)
  2 worms (D:2)
  2 dart slugs
  27 orcs
  6 ball pythons
  9 bats
  2 bat skeletons (D:2)
  8 endoplasms
  4 giant cockroaches
  3 goblins
  6 hobgoblins
  A quokka (D:4)
  A ball python skeleton (D:2)
  A giant cockroach zombie (D:2)
  8 kobolds
  A quokka skeleton (D:2)
  9 rats
166 creatures vanquished.

Vanquished Creatures (others)
  An orc wizard (D:5)
  14 foxfires (D:8)
15 creatures vanquished.

Grand Total: 181 creatures vanquished

Notes
Turn   | Place    | Note
-------+----------+-------------------------------------------
     0 | D:1      | ZappyNine the Troll Cinder Acolyte began the quest for the
                  | Orb.
     0 | D:1      | Reached XP level 1. HP: 22/22 MP: 1/1
   124 | D:1      | Reached XP level 2. HP: 29/29 MP: 2/2
   167 | D:1      | Found a faded altar of an unknown god.
   224 | D:1      | Reached skill level 1 in Dodging
   567 | D:1      | Reached XP level 3. HP: 34/36 MP: 3/3
   778 | D:2      | Noticed Terence
   966 | D:2      | Killed Terence
  1094 | D:2      | Reached XP level 4. HP: 45/45 MP: 4/4
  1214 | D:2      | Noticed Natasha
  1219 | D:2      | Killed Natasha
  1254 | D:2      | Reached skill level 4 in Unarmed Combat
  1448 | D:2      | Noticed Natasha
  1457 | D:2      | Killed Natasha
  1458 | D:2      | Reached XP level 5. HP: 53/53 MP: 5/5
  2166 | D:3      | Found a glowing drain.
  2180 | Sewer    | Entered a sewer
  2274 | Sewer    | Reached XP level 6. HP: 52/62 MP: 6/6
  2602 | D:4      | Reached skill level 5 in Unarmed Combat
  2753 | D:4      | Reached XP level 7. HP: 69/70 MP: 7/7
  2811 | D:4      | Gained mutation: Your system is resistant to poisons.
                  | (rPois) [potion of mutation]
  2811 | D:4      | Gained mutation: You are strong-willed. (Will+) [potion of
                  | mutation]
  2936 | D:5      | Entered Level 5 of the Dungeon
  3164 | D:5      | Found a sparkling altar of Nemelex Xobeh.
  3164 | D:5      | Found a sacrificial altar of Ru.
  3164 | D:5      | Noticed Menkaure
  3186 | D:5      | Killed Menkaure
  3479 | D:5      | Reached skill level 5 in Fighting
  3479 | D:5      | Reached skill level 6 in Unarmed Combat
  3479 | D:5      | Reached XP level 8. HP: 80/80 MP: 8/8
  3504 | D:5      | Found a basalt altar of Yredelemnul.
  3545 | D:5      | Found a staircase to the Ecumenical Temple.
  3646 | D:5      | Found a runed translucent door.
  3647 | D:5      | Noticed Crazy Yiuf
  4077 | D:6      | Reached skill level 5 in Dodging
  4141 | D:6      | Noticed Dowan
  4142 | D:6      | Noticed Duvessa
  4156 | D:6      | Killed Duvessa
  4157 | D:6      | Reached skill level 7 in Unarmed Combat
  4168 | D:6      | Killed Dowan
  4260 | D:6      | Noticed Eustachio
  4290 | D:6      | Killed Eustachio
  4371 | D:6      | Reached XP level 9. HP: 89/89 MP: 9/9
  4421 | D:6      | Found a hide-covered altar of Uskayaw.
  4945 | D:7      | Found a glowing golden altar of the Shining One.
  5446 | D:8      | Noticed a two-headed ogre
  5459 | D:8      | Killed a two-headed ogre
  5460 | D:8      | Reached skill level 8 in Unarmed Combat
  5554 | D:8      | Found Ucineomu's Magic Scroll Boutique.
  5562 | D:8      | Bought a scroll of fog for 30 gold pieces
  5562 | D:8      | Bought a scroll of identify for 30 gold pieces
  5577 | D:8      | Noticed a troll
  5609 | D:8      | Killed a troll
  5920 | D:8      | Found a transporter.
  5930 | D:8      | Found a one-way gate to the infinite horrors of the Abyss.
  5930 | D:8      | Noticed experimilk's ghost (novice DEAM)
  5934 | D:8      | Noticed an ancient zyme
  5936 | D:8      | Found a transporter.
  6262 | D:8      | Noticed a two-headed ogre
  6270 | D:8      | Killed a two-headed ogre
  6271 | D:8      | Reached skill level 9 in Unarmed Combat
  6271 | D:8      | Reached XP level 10. HP: 50/102 MP: 10/10
  6520 | D:9      | Slain by a troll

Illustrated notes

Levels and vault maps discovered:
D:1:      lightli_arrival_boilingwater, layout_loops_corners,
          chequers_ecumenical_altar_island
D:2:      layout_loops_ring, serial_undead, serial_undead_b, serial_undead_d,
          serial_undead_d, serial_undead_e, uniq_terence, uniq_natasha
D:3:      layout_basic, lightli_sewer_entry_pipes
D:4:      layout_basic, dk_noncrumbling_2
D:5:      layout_loops_ring, mainiacjoe_overflow_cross_hatched,
          gammafunk_temple_overflow_pools, minmay_temple_entry_arrows,
          minmay_misc_feat_room, cheibrodos_gnoll_hut, uniq_menkaure,
          uniq_crazy_yiuf_cottage
D:6:      layout_cave_pools, nicolae_uskayaw_suspiria, uniq_duvessa,
          uniq_eustachio
D:7:      layout_basic, mainiacjoe_overflow_tiny_flanked
D:8:      layout_basic, serial_shops, nicolae_shop_waterfront,
          gammafunk_ghost_abyssal_escape
D:9:      layout_irregular_city, nicolae_hepliaklqana_monster_ancestors,
          erik_lair_island, enter_bailey_6, ebering_ghost_xom

Skill      XL: |  1  2  3  4  5  6  7  8  9 |
---------------+----------------------------+-----
Dodging        | 1 2 3 4 5 7 |  7.0
Fighting       | 3 4 5 6 7 |  7.6
Unarmed Combat | 4 5 6 7 9 |  9.1
Spellcasting   | |  1.0
Fire Magic     | |  2.1

Action                   |  1- 3 |  4- 6 |  7- 9 | 10-12 || total
-------------------------+-------+-------+-------+-------++-------
Melee: Unarmed           |    75 |   183 |   293 |    17 ||   568
       Punch             |       |     4 |     9 |     1 ||    14
Invok: Foxfire Swarm     |       |       |     1 |       ||     1
  Use: Potion            |     1 |       |     3 |       ||     4
       Scroll            |       |       |    16 |       ||    16
Armor: Robe              |    42 |    51 |   128 |    13 ||   234
Dodge: Dodged            |    46 |    73 |   157 |    12 ||   288
